Map: New Repugnancy LE

Players

PeLLy

  • Race: Zerg Zerg
  • League: Diamond
  • Spawn Location: 7:00

Arthurka - Winner!

  • Race: Terran Terran
  • League: Platinum
  • Spawn Location: 1:00

VOD

Have the link to the VOD?

Description

Time

  • Played on: July 31, 2019, 4:34 p.m.
  • Length: 22:39
Show
View Real Time Build Order
Export as new Build Order

PeLLy Zerg 

Build Orders: Hatch First 

Get SALT Encoding   

  12  0:00  Drone  
  13  0:15  Overlord  
  13  0:19  Drone  
  14  0:33  Drone x2  
  16  0:38  Drone  
  17  0:54  Hatchery  
  17  0:56  Drone  
  17  1:00  Drone  
  18  1:14  Spawning Pool  
  17  1:19  Drone, Extractor  
  17  1:22  Drone  
  18  1:31  Drone  
  19  1:42  Overlord  
  19  1:54  Drone  
  20  2:07  Zergling x2  
  20  2:08  Zergling x2  
  22  2:16  Queen x2  
  26  2:25  Zergling x2  
  26  2:26  Zergling x4  
  29  2:32  Extractor  
  28  2:43  Zergling x6  
  30  2:50  Drone x2  
  32  3:12  Drone x3  
  35  3:14  Overlord  
  35  3:20  Hatchery, Baneling Nest  
  35  3:22  Drone x2  
  34  3:43  Metabolic Boost, Lair  
  34  3:45  Drone x3  
  34  3:48  Drone, Extractor  
  37  3:52  Drone  
  38  3:59  Drone x2  
  38  4:00  Drone  
  41  4:04  Overlord  
  41  4:08  Drone  
  41  4:19  Spore Crawler  
  36  4:37  Drone x7  
  41  4:40  Drone  
  41  4:43  Extractor  
  41  4:56  Centrifical Hooks  
  41  4:58  Drone  
  41  4:59  Drone  
  43  5:02  Drone x2  
  43  5:06  Drone x4  
  49  5:15  Queen  
  51  5:21  Evolution Chamber  
  51  5:22  Evolution Chamber  
  49  5:28  Roach Warren  
  49  5:32  Zergling x10  
  53  5:36  Drone x4  
  57  5:58  Overlord x2  
  57  5:59  Overlord  
  57  6:02  Overseer  
  57  6:05  Spore Crawler  
  57  6:08  Queen, Spore Crawler  
  57  6:10  Overlord x3  
  57  6:17  Zergling x14  
  64  6:21  Zerg Missile Weapons Level 1  
  64  6:22  Zerg Melee Weapons Level 1  
  64  6:23  Glial Reconstitution  
  64  6:42  Roach  
  64  6:43  Roach x7  
  64  6:45  Overlord  
  80  6:51  Baneling  
  80  6:52  Baneling x6  
  80  6:54  Drone x3  
  80  6:59  Extractor  
  80  7:00  Extractor  
  81  7:03  Drone x2, Spine Crawler  
  81  7:05  Spine Crawler  
  81  7:07  Roach  
  83  7:11  Roach  
  76  7:45  Spine Crawler  
  76  7:48  Roach x10  
  95  7:55  Hydralisk Den  
  94  8:01  Spore Crawler  
  94  8:03  Spore Crawler  
  92  8:08  Spore Crawler  
  91  8:13  Drone x2  
  91  8:14  Drone x7  
  91  8:15  Infestation Pit  
  99  8:24  Drone x6  
  99  8:26  Overlord x2  
  105  8:35  Zerg Missile Weapons Level 2  
  105  8:36  Zerg Melee Weapons Level 2  
  105  8:59  Hydralisk x5  
  105  9:00  Hydralisk x3  
  121  9:08  Overlord x3  
  121  9:23  Spore Crawler  
  117  9:43  Hydralisk x10  
  137  9:46  Zergling x8  
  137  9:47  Zergling x6  
  142  10:07  Grooved Spines  
  142  10:08  Hatchery  
  142  10:09  Pneumatized Carapace  
  142  10:12  Hive  
  141  10:16  Zergling x2  
  141  10:17  Zergling x6  
  145  10:33  Overlord x4  
  145  10:53  Roach x8, Hydralisk x2  
  165  11:01  Drone  
  152  11:18  Muscular Augments  
  132  11:27  Roach x15  
  134  11:36  Hydralisk  
  134  11:37  Hydralisk x2  
  120  11:55  Drone x7  
  120  12:00  Extractor  
  126  12:02  Extractor  
  126  12:06  Spire  
  126  12:08  Pathogen Glands  
  124  12:11  Zergling x12  
  130  12:33  Spore Crawler  
  130  12:36  Spine Crawler  
  128  12:39  Spine Crawler  
  127  12:48  Hydralisk x5  
  127  12:51  Roach x9  
  155  12:57  Baneling x10  
  155  13:13  Hydralisk x9  
  173  13:26  Zergling x6  
  176  13:29  Overlord x5  
  101  14:11  Zergling x4  
  101  14:12  Zergling x38  
  122  14:21  Greater Spire  
  122  14:22  Corruptor  
  122  14:23  Corruptor x3  
  130  14:32  Baneling x3  
  130  14:33  Baneling x9  
  130  14:59  Roach  
  148  15:00  Roach x11  
  94  15:28  Roach  
  94  15:29  Zergling x14  
  85  15:38  Zergling x2  
  85  15:39  Zergling x26  
  85  15:42  Hydralisk  
  99  15:43  Hydralisk  
  103  15:50  Baneling x8  
  101  16:10  Hydralisk x14  
  117  16:26  Baneling x6  
  117  16:27  Hatchery  
  110  16:43  Hydralisk x3  
  110  16:44  Hydralisk  
  103  17:05  Zergling x16  
  106  17:14  Zergling x2  
  107  17:20  Brood Lord x2  
  111  17:23  Corruptor  
  113  17:30  Baneling x2  
  113  17:31  Baneling  
  113  17:43  Extractor  
  112  17:46  Extractor  
  111  17:58  Baneling x4  
  111  17:59  Baneling x7  
  111  18:00  Baneling, Hatchery  
  111  18:03  Zergling x10  
  111  18:04  Zergling x14  
  122  18:17  Brood Lord  
  124  18:37  Hatchery  
  83  18:56  Roach x10  
  83  18:57  Hydralisk  
  95  19:10  Corruptor  
  97  19:31  Extractor  
  96  19:45  Spore Crawler  
  95  19:46  Spine Crawler  
  95  19:50  Drone x7  
  101  19:57  Queen  
  103  20:08  Drone x6  
  109  20:16  Corruptor  
  111  20:23  Zerg Flyer Armor Level 1  
  111  20:26  Extractor  
  110  20:29  Extractor  
  110  20:32  Overseer  
  110  20:33  Overseer  
  109  20:39  Brood Lord  
  111  20:48  Drone x2  
  111  20:49  Drone x6  
  119  20:51  Drone  
  119  20:52  Drone x2  
  122  21:09  Corruptor  
  122  21:10  Corruptor x3  
  75  22:06  Hydralisk  
  75  22:07  Hydralisk x18  
  75  22:08  Zergling x4  
Show
View Real Time Build Order
Export as new Build Order

Arthurka Terran - Winner!

Build Orders:  

Get SALT Encoding   

  12  0:00  SCV  
  13  0:13  SCV  
  14  0:19  Supply Depot  
  14  0:25  SCV  
  15  0:41  SCV  
  16  0:43  Barracks  
  16  0:47  Refinery  
  16  0:53  SCV  
  17  1:06  SCV  
  19  1:18  SCV  
  19  1:25  Refinery  
  19  1:30  Supply Depot  
  19  1:32  Reaper  
  20  1:40  Orbital Command  
  20  1:54  Bunker  
  20  2:03  Marine  
  20  2:04  Factory  
  20  2:07  SCV  
  22  2:25  Marine  
  22  2:26  SCV  
  24  2:32  Supply Depot  
  23  2:49  Barracks Reactor  
  23  2:50  Factory Tech Lab  
  23  2:53  Command Center  
  23  3:02  SCV  
  23  3:05  Starport  
  24  3:15  Siege Tank  
  27  3:37  Marine x2  
  27  3:39  SCV  
  30  3:43  Supply Depot, Starport Reactor  
  30  3:47  Siege Tank  
  33  3:59  Barracks  
  33  4:04  Marine  
  34  4:10  SCV  
  35  4:41  Siege Tank  
  35  4:42  Medivac x2, Marine x2  
  35  4:43  SCV  
  45  4:51  Barracks Tech Lab  
  45  4:54  Orbital Command  
  45  4:58  SCV  
  46  5:05  Marine x2  
  48  5:10  SCV  
  49  5:16  Engineering Bay  
  49  5:20  Stimpack  
  49  5:21  Marine  
  50  5:23  Marine  
  50  5:24  Marine  
  52  5:29  Widow Mine  
  52  5:30  SCV  
  52  5:33  SCV  
  56  5:40  Liberator  
  56  5:52  Marine x2  
  56  5:55  Widow Mine  
  62  6:07  Supply Depot  
  62  6:08  Supply Depot  
  62  6:12  Liberator  
  62  6:17  Supply Depot  
  62  6:29  SCV x2, Marine x3  
  70  6:35  Fusion Core  
  70  6:36  Supply Depot  
  70  6:39  Supply Depot  
  70  6:41  SCV, Liberator  
  70  6:46  Marine x3  
  74  6:48  SCV  
  74  6:52  Supply Depot  
  78  7:04  Marine x3  
  81  7:15  SCV  
  82  7:18  Refinery  
  82  7:20  Refinery  
  82  7:22  Marine x2  
  86  7:23  Marauder  
  86  7:27  SCV  
  84  7:31  Siege Tank  
  85  7:39  SCV  
  85  7:40  Marine x2  
  90  7:44  Marauder  
  90  7:51  Command Center  
  90  7:58  Marine  
  91  8:00  SCV, Liberator x2  
  92  8:06  Supply Depot  
  92  8:07  SCV  
  92  8:12  SCV  
  94  8:19  SCV  
  101  8:24  Starport  
  101  8:29  Supply Depot  
  101  8:41  Supply Depot  
  101  8:42  Marine x2  
  101  8:43  SCV  
  104  8:51  Barracks  
  104  8:52  Terran Infantry Weapons Level 1, Barracks  
  104  9:00  Marine x2, Medivac, Marauder  
  110  9:04  Starport Tech Lab  
  110  9:08  Siege Tank  
  113  9:18  SCV  
  113  9:21  Marauder  
  105  9:42  Marauder  
  105  9:43  Viking  
  109  9:49  Viking, Barracks Reactor  
  109  9:50  Barracks Reactor  
  109  9:51  Marine x2  
  113  9:53  SCV  
  113  9:56  Engineering Bay  
  114  10:02  Command Center  
  114  10:04  Marauder  
  116  10:07  Orbital Command  
  116  10:09  Marine  
  117  10:19  SCV  
  117  10:20  Factory  
  118  10:22  Armory  
  118  10:25  SCV  
  119  10:31  SCV  
  120  10:39  Supply Depot  
  120  10:42  Marauder, Marine x2  
  124  10:43  Marine x2  
  124  10:47  Advanced Ballistics  
  126  10:54  Supply Depot  
  126  10:56  SCV  
  127  11:04  Marauder  
  127  11:12  Marine x3  
  126  11:25  Marauder  
  105  11:30  Marine x2  
  105  11:32  Liberator x2  
  85  11:39  SCV  
  73  11:40  Marine x4  
  73  11:42  Factory Reactor  
  73  11:45  Infernal Pre-Igniter  
  73  11:46  Marauder  
  79  11:47  Siege Tank  
  79  11:48  Marine x2  
  79  11:51  SCV  
  79  11:54  Terran Infantry Weapons Level 2  
  91  11:58  Marine x4  
  95  12:03  SCV  
  95  12:06  Marine x2  
  95  12:08  Marauder  
  100  12:15  SCV  
  101  12:16  Marine  
  101  12:18  Marine x3  
  101  12:19  Medivac, Siege Tank  
  110  12:29  Marauder  
  112  12:31  Medivac  
  112  12:32  Marine, Refinery  
  112  12:34  Refinery  
  112  12:37  Widow Mine x2  
  119  12:39  SCV  
  119  12:40  Liberator x2  
  120  12:47  Supply Depot  
  120  12:50  Marauder  
  122  12:55  Marine x2  
  130  12:59  SCV  
  131  13:06  SCV  
  131  13:10  SCV  
  131  13:11  SCV  
  131  13:12  Marauder  
  136  13:16  Drilling Claws  
  136  13:18  SCV, Widow Mine x3  
  136  13:19  Marine x2  
  145  13:22  SCV  
  146  13:33  Marauder  
  147  13:35  Command Center  
  147  13:39  Liberator  
  147  13:40  Liberator  
  147  13:47  SCV  
  140  13:55  Marine x2, Marauder  
  139  13:56  Marine  
  139  13:58  Widow Mine x3  
  139  13:59  SCV  
  142  14:05  Liberator  
  142  14:11  SCV  
  142  14:16  Marauder  
  145  14:20  Widow Mine x2, Marine  
  145  14:21  Marine x3  
  145  14:22  Marine x2  
  158  14:28  SCV  
  159  14:32  Supply Depot  
  159  14:37  Marauder  
  161  14:42  SCV x3  
  161  14:45  Marine x2  
  166  14:54  Supply Depot, Marine  
  166  14:55  Marine x3  
  166  14:59  Marauder  
  172  15:03  Marine  
  173  15:20  Marauder  
  139  15:22  Liberator x2  
  139  15:25  Marine x2  
  139  15:26  Marine  
  126  15:35  Marine x3  
  123  15:39  Widow Mine x2  
  123  15:41  Marauder  
  138  15:43  Marine x3  
  138  15:45  Orbital Command  
  138  15:47  Hellion  
  143  15:53  Marine x3  
  144  16:01  Marine x2  
  144  16:03  Marauder  
  142  16:17  Marine x2  
  142  16:18  Marine x2  
  146  16:19  Marine  
  146  16:23  Widow Mine, Barracks  
  146  16:24  Marauder  
  146  16:25  Barracks  
  147  16:45  Marine x2  
  147  16:46  Medivac x2, Marauder  
  147  16:47  Medivac  
  157  16:48  Widow Mine  
  149  16:59  Liberator x3  
  139  17:07  Marauder  
  135  17:10  Marine x2  
  137  17:20  Supply Depot  
  137  17:21  Marine x2  
  148  17:28  Marauder  
  150  17:32  Terran Infantry Weapons Level 3  
  150  17:35  Terran Infantry Armor Level 1  
  150  17:44  Supply Depot  
  150  17:46  Refinery  
  150  17:49  SCV x2  
  150  17:50  Marauder  
  154  17:51  Refinery  
  154  17:53  Marine x2  
  154  17:54  Barracks Reactor  
  154  17:55  Barracks Tech Lab, Liberator x3  
  156  18:00  SCV x2  
  158  18:07  Supply Depot  
  158  18:09  Marine x2  
  158  18:10  Widow Mine x2  
  158  18:11  Widow Mine, Marauder  
  174  18:13  Marine  
  174  18:14  Marine  
  179  18:33  Marauder  
  149  18:54  Marauder  
  134  18:55  Marine x2  
  134  18:56  Marine x2  
  134  18:57  Marauder  
  123  19:05  Marine x2  
  123  19:06  Marine  
  123  19:07  Viking x3  
  123  19:09  Thor  
  138  19:11  Hellion x2  
  138  19:13  SCV  
  138  19:15  Marauder  
  138  19:16  Supply Depot  
  145  19:18  Marauder  
  145  19:19  Liberator  
  145  19:20  Liberator  
  145  19:23  Planetary Fortress  
  147  19:25  SCV  
  147  19:28  Command Center  
  148  19:32  Marine x3  
  148  19:33  Marine x5  
  148  19:37  Marauder  
  148  19:38  Hellion  
  166  19:39  Marauder  
  168  19:47  Widow Mine  
  168  19:49  Terran Infantry Armor Level 2  
  168  19:50  Marine  
  168  19:51  Thor  
  177  19:55  SCV x2  
  177  19:56  Liberator  
  177  19:58  Marauder  
  177  19:59  Widow Mine  
  183  20:01  Marauder  
  185  20:09  Widow Mine  
  185  20:10  Marine x3  
  193  20:15  Marine x3  
  193  20:19  Marauder  
  193  20:21  Widow Mine  
  200  20:22  Smart Servos  
  200  20:39  Command Center  
  200  20:44  Planetary Fortress  
  200  20:51  Refinery  
  200  21:13  Barracks  
  200  21:15  Barracks  
  200  21:25  Barracks  
  200  21:26  Barracks  
  200  21:28  Barracks  
  200  21:31  Refinery  
  200  21:32  Barracks  
  181  21:33  Barracks  
  179  21:45  Marine x2  
  179  21:46  Marine x3  
  149  21:55  Marine  
  149  21:56  Marine x4  
  152  22:03  Marine x3  
  152  22:04  Marine x2  
  162  22:14  Marauder x2  
Tags
 
Add a new tag
Caveats
  • Supply blocks, unpowered buildings, or Contaminate may cause inaccurate times.
  • Supply counts are checked every 10 seconds.